 Dungeon Crawl Stone Soup version 0.20-a0-623-gaf3b657 (webtiles) character file.

2983 Laan the Destroyer (level 9, -6/45 HPs)
             Began as a Deep Elf Fire Elementalist on Feb 10, 2017.
             Was a Follower of Vehumet.
             Hit by a tomahawk thrown by an orc warrior (9 damage)
             ... on level 8 of the Dungeon.
             The game lasted 00:24:27 (7892 turns).

Laan the Destroyer (Deep Elf Fire Elementalist)     Turns: 7892, Time: 00:24:28

Health: -6/45      AC:  7    Str:  5    XL:     9   Next: 53%
Magic:  26/34      EV: 13    Int: 24    God:    Vehumet [*.....]
Gold:   432        SH:  0    Dex: 15    Spells: 15/28 levels left

rFire    . . .     SeeInvis .   h - -2 short sword (curse)
rCold    . . .     Gourm    .   a - +1 robe
rNeg     . . .     Faith    .   (no shield)
rPois    +         Spirit   .   r - +0 helmet
rElec    .         Reflect  .   (no cloak)
rCorr    .         Harm     .   (no gloves)
MR       .....                  (no boots)
Stlth    ++........             (no amulet)
Regen    0.2/turn               o - ring of Sianak {rPois MR- MP+9 AC+3}
                                w - ring of wizardry

@: no status effects
A: no striking features
a: Renounce Religion


You were on level 8 of the Dungeon.
You worshipped Vehumet.
Vehumet was aware of your devotion.
You were not hungry.

You visited 2 branches of the dungeon, and saw 9 of its levels.

You collected 432 gold pieces.

Inventory:

Hand Weapons
 d - a +4 spear
 h - a cursed -2 short sword (weapon)
 l - a +8 flail of crushing
Armour
 a - a +1 robe (worn)
 r - a +0 helmet (worn)
Jewellery
 o - the ring of Sianak (right hand) {rPois MR- MP+9 AC+3}
   (You found it on level 4 of the Dungeon)

   [ring of protection]

   It affects your AC (+3).
   It protects you from poison.
   It affects your resistance to hostile enchantments.
   It affects your magic capacity (+9).
 w - a ring of wizardry (left hand)
Wands
 j - a wand of flame (30/48)
 n - a wand of lightning (2/15)
 p - a wand of paralysis (0/24)
 C - a wand of iceblast (5/15)
Scrolls
 e - 10 scrolls of identify
 q - 2 scrolls of amnesia
 y - 2 scrolls of blinking
 B - a scroll of fog
Potions
 i - 2 potions of haste {unknown}
 k - 4 potions of curing {unknown}
 m - 2 potions of degeneration {unknown}
 s - 2 potions of brilliance {unknown}
 u - 2 potions of resistance
 v - 2 potions of mutation {unknown}
 x - 2 potions of flight {unknown}
 z - 2 potions of heal wounds {unknown}
 A - a potion of lignification {unknown}
Books
 b - a book of Flames

   Spells                             Type                      Level
   a - Flame Tongue                   Conjuration/Fire             1
   b - Throw Flame                    Conjuration/Fire             2
   c - Conjure Flame                  Conjuration/Fire             3
   d - Inner Flame                    Hexes/Fire                   3
   e - Sticky Flame                   Conjuration/Fire             4
   f - Fireball                       Conjuration/Fire             5
Comestibles
 c - 9 bread rations
 f - 4 meat rations
 g - 5 royal jellies
 t - 6 fruits


   Skills:
 - Level 2.4 Dodging
 - Level 2.4 Stealth
 + Level 10.1 Spellcasting
 * Level 11.8 Conjurations
 - Level 3.2 Fire Magic


You had 15 spell levels left.
You knew the following spells:

 Your Spells              Type           Power        Failure   Level  Hunger
a - Flame Tongue          Conj/Fire      #####        1%          1    None
b - Sticky Flame          Conj/Fire      #####...     1%          4    #......
c - Conjure Flame         Conj/Fire      #####...     1%          3    None
d - Fireball              Conj/Fire      #####.....   3%          5    ####...


Dungeon Overview and Level Annotations

Branches:
Dungeon (8/15)             Temple (1/1) D:6
   Lair: D:8-11

Altars:
Dithmenos
Elyvilon
Vehumet
Xom


Message History

You kill the orc!
Vehumet accepts your kill.
The orc warrior throws a tomahawk.
The tomahawk hits you!
* * * LOW HITPOINT WARNING * * *
You see here a tomahawk.
Okay, then.
Unknown command.
Casting: Sticky Flame
Confirm with . or Enter, or press ? or * to list all spells.
Aiming: Fireball
Press: ? - help, Shift-Dir - straight line, f - orc warrior
Aim: an orc warrior, wielding a short sword and wearing a plate armour The fireball explodes!
The fireball engulfs the orc warrior.
The orc warrior is moderately wounded.
The fireball engulfs the orc.
You kill the orc!
Vehumet accepts your kill.
You feel your power returning.
The orc warrior throws a tomahawk.
The tomahawk hits you!
You die...

#.# #.###.# #. .# #.# #...#.#
#. .# #.# ###.#.# .#. #.# #.#.#
... +# #.#####.#.# #.# ...
#.........# #.### ....
#####.#.### ##.#.## .o...
####....########.....####......
+..............(@.)..oo('o.....
####....########(#...####......
#####.#.# #.##.## .....
........# #.#### .... ##......#
#.# ... ##.._...# #.. +#
##......# #.. ........# #..
##.##...# #...


You could see an orc warrior and an orc wizard.

Vanquished Creatures
  Psyche (D:8)
  A hippogriff (D:7)
  Prince Ribbit (D:6)
  A spriggan (D:7)
  Edmund (D:5)
  A water moccasin (D:7)
  2 orc warriors (D:7)
  A sky beast (D:7)
  2 phantoms (D:7)
  A centaur (D:7)
  3 ogres
  A bullfrog (D:7)
  A gnoll sergeant (D:7)
  A scorpion (D:6)
  2 crimson imps
  A centaur zombie (D:6)
  A jelly (D:7)
  3 orc wizards
  A bullfrog skeleton (D:7)
  5 hounds
  3 orc priests
  2 centaur skeletons
  2 iguanas
  Ijyb (D:2)
  4 worker ants
  2 hound skeletons
  A howler monkey skeleton (D:8)
  8 adders
  4 gnolls
  An adder skeleton (D:4)
  2 worms (D:3)
  3 dart slugs
  9 leopard geckos
  18 orcs
  9 bats
  2 giant cockroaches (D:1)
  8 goblins
  11 hobgoblins
  2 jackals (D:2)
  4 quokkas
  A ball python (D:4)
  8 frilled lizards
  7 kobolds
  A quokka skeleton (D:8)
  6 rats
150 creatures vanquished.

Notes
Turn   | Place    | Note
-------+----------+-------------------------------------------
     0 | D:1      | Laan the Deep Elf Fire Elementalist began the quest for the Orb.
     0 | D:1      | Reached XP level 1. HP: 10/10 MP: 6/6
   163 | D:1      | Reached skill level 2 in Conjurations
   218 | D:1      | Reached XP level 2. HP: 15/15 MP: 6/8
   788 | D:1      | Reached XP level 3. HP: 19/19 MP: 8/10
  1102 | D:2      | Reached skill level 3 in Conjurations
  1619 | D:2      | Found a shimmering altar of Xom.
  1684 | D:2      | Noticed Ijyb
  1697 | D:2      | Killed Ijyb
  1697 | D:2      | Reached skill level 4 in Conjurations
  1697 | D:2      | Reached XP level 4. HP: 8/24 MP: 1/12
  2637 | D:3      | Reached XP level 5. HP: 25/28 MP: 7/13
  2717 | D:3      | Reached skill level 5 in Conjurations
  3089 | D:3      | Learned a level 4 spell: Sticky Flame
  3093 | D:3      | Learned a level 3 spell: Conjure Flame
  3099 | D:3      | Learned a level 5 spell: Fireball
  3218 | D:3      | Reached skill level 5 in Spellcasting
  3592 | D:4      | Reached XP level 6. HP: 32/32 MP: 12/15
  3815 | D:4      | Got a twitching wooden ring
  3845 | D:4      | Reached skill level 6 in Conjurations
  4043 | D:5      | Entered Level 5 of the Dungeon
  4120 | D:5      | Noticed Edmund
  4136 | D:5      | Killed Edmund
  4508 | D:5      | Found a white marble altar of Elyvilon.
  4682 | D:5      | Reached XP level 7. HP: 30/36 MP: 10/18
  4689 | D:5      | Reached skill level 7 in Conjurations
  5033 | D:6      | Noticed Prince Ribbit
  5041 | D:6      | Killed Prince Ribbit
  5261 | D:6      | Reached skill level 8 in Conjurations
  5477 | D:6      | Reached XP level 8. HP: 39/41 MP: 20/20
  5641 | D:6      | Found a staircase to the Ecumenical Temple.
  5649 | Temple   | Entered the Ecumenical Temple
  5681 | Temple   | Became a worshipper of Vehumet
  6002 | D:7      | Reached skill level 9 in Conjurations
  6057 | D:7      | Identified the ring of Sianak {rPois MR- MP+9 AC+3} (You found it on level 4 of the Dungeon)
  6698 | D:7      | Reached skill level 10 in Conjurations
  6946 | D:7      | Noticed a hippogriff
  6948 | D:7      | Reached XP level 9. HP: 45/45 MP: 21/24
  6953 | D:7      | Reached * piety under Vehumet
  6953 | D:7      | Offered knowledge of Shock by Vehumet.
  6954 | D:7      | Reached skill level 11 in Conjurations
  7455 | D:8      | Found a shimmering altar of Xom.
  7615 | D:8      | Noticed Psyche
  7627 | D:8      | Killed Psyche
  7627 | D:8      | Reached skill level 10 in Spellcasting
  7891 | D:8      | HP: 2/45 [orc warrior/tomahawk (14)]
  7892 | D:8      | Hit by a tomahawk thrown by an orc warrior

Vault maps used:
D:1:      dpeg_arrival_rooms_b, grunt_decor_mini_mirrors
D:2:      marbit_many_paths, uniq_iyjb
D:3:      first_bread
D:5:      elyvilon_altar_3, uniq_edmund
D:6:      minmay_temple_entry_mist, uniq_prince_ribbit1
D:7:      minmay_misc_feat_diagonals, the_bakery, kennysheep_crisscross,
          minmay_joined_circles
D:8:      grunt_temple_overflow_open, serial_shops, nicolae_shop_behind_doors,
          basic_altar, uniq_psyche
Temple:   minmay_temple_curvy_branch

Skill      XL: |  1  2  3  4  5  6  7  8  9 |
---------------+----------------------------+-----
Conjurations   | 2 4 5 6 8 10 11 | 11.8
Spellcasting   | 4 5 6 7 9 10 | 10.1
Dodging        | |  2.4
Stealth        | |  2.4
Fire Magic     | |  3.2

Action                   |  1- 3 |  4- 6 |  7- 9 || total
-------------------------+-------+-------+-------++-------
Melee: Unarmed           |     5 |       |       ||     5
       Short sword       |       |       |    27 ||    27
 Cast: Flame Tongue      |    94 |   115 |   114 ||   323
       Sticky Flame      |       |     2 |    20 ||    22
       Fireball          |       |       |     4 ||     4
Evoke: Wand              |       |       |     8 ||     8
  Use: Scroll            |     2 |     3 |     5 ||    10
 Stab: Paralysed         |       |       |     5 ||     5
  Eat: Chunk             |     2 |     7 |     9 ||    18
       Meat ration       |       |     1 |       ||     1
Armor: Robe              |     8 |     3 |    21 ||    32
Dodge: Dodged            |    40 |    13 |    45 ||    98
